 Dungeon Crawl Stone Soup version 0.31.0-12-g77e489cdc1 (webtiles) character file.

Game seed: 496939246756358073

8 spaghetti the Slasher (level 2, 0/27 HPs)
             Began as a Deep Elf Berserker on Mar 7, 2024.
             Was a Follower of Trog.
             Slain by a jackal (2 damage)
             ... on level 1 of the Dungeon.
             The game lasted 00:00:22 (162 turns).

spaghetti the Slasher (Deep Elf Berserker)           Turns: 162, Time: 00:00:23

Health: 0/27       AC:  2    Str: 14    XL:     2   Next: 0%
Magic:  4/4        EV: 12    Int: 11    God:    Trog [*.....]
Gold:   0          SH:  0    Dex: 14    Spells: 1/1 levels left

rFire   . . .        a - +0 falchion
rCold   . . .        (no shield)
rNeg    . . .        b - +0 animal skin
rPois   .            (no helmet)
rElec   .            (no cloak)
rCorr   .            (no gloves)
SInv    .            (no boots)
Will    .....        (no amulet) Stlth
                     (no ring)
HPRegen 0.24/turn    (no ring)
MPRegen 0.09/turn

%: no passive effects
@: berserking, very quick
A: no striking features
a: Renounce Religion, Berserk


You were on level 1 of the Dungeon.
You worshipped Trog.
Trog was aware of your devotion.
You visited 1 branch of the dungeon, and saw 1 of its levels.

Inventory:

Hand Weapons
 a - a +0 falchion (weapon)
Armour
 b - a +0 animal skin (worn)
Scrolls
 d - a scroll of identify {unknown}
 e - a scroll of butterflies {unknown}
 f - a scroll of enchant weapon {unknown}
Potions
 c - 2 potions of enlightenment {unknown}


   Skills:
 - Level 2.4 Fighting
 + Level 2.9 Long Blades
 - Level 1.5 Armour
 + Level 2.7 Dodging
 + Level 1.1 Stealth


You had one spell level left.
You didn't know any spells.
Your spell library was empty.

Dungeon Overview and Level Annotations

Branches:
Dungeon (1/15)

Altars:


Message History

Your Stealth skill increases to level 1!
You closely miss the jackal. The jackal bites you.
You closely miss the jackal. The jackal barely misses you.
The jackal bites you.
You hit the jackal.
The jackal is lightly wounded.
The jackal bites you but does no damage.
You closely miss the jackal.
The jackal is lightly wounded.
The jackal bites you. x2
* * * LOW HITPOINT WARNING * * *
You miss the jackal.
The jackal is lightly wounded.
The jackal misses you.
You closely miss the jackal.
The jackal is lightly wounded.
The jackal barely misses you. The jackal bites you.
* * * LOW HITPOINT WARNING * * *
You fail to use your ability.
The jackal bites you.
* * * LOW HITPOINT WARNING * * *
The jackal completely misses you.
You slash the jackal!
You kill the jackal!
Trog accepts your kill. The jackal barely misses you.
You have reached level 2!
You closely miss the jackal.
The jackal bites you but does no damage.
The jackal closely misses you.
You closely miss the jackal. The jackal closely misses you.
You closely miss the jackal. The jackal closely misses you.
The jackal misses you.
You barely miss the jackal. The jackal completely misses you.
The jackal bites you.
* * * LOW HITPOINT WARNING * * *
Unknown command.
You barely miss the jackal. The jackal barely misses you.
A red film seems to cover your vision as you go berserk!
You feel yourself moving faster!
You feel mighty! The jackal bites you.
You die...

.....# #.# .....# #.#
.....#####.##
............#
.......###..#
.#...##.##..#
†).#.##.....#
.#...##.##..##########..
............?...@h.....#
....#.####..##########..
.####.# #..# .. . .....
.. ###..# .... ##..# #..


You could see a jackal.

Vanquished Creatures
  2 giant cockroaches (D:1)
  2 jackals (D:1)
  A kobold (D:1)
  A bat (D:1)
  A goblin (D:1)
7 creatures vanquished.

Notes
Turn   | Place    | Note
-------+----------+-------------------------------------------
     0 | D:1      | spaghetti the Deep Elf Berserker began the quest for the
                  | Orb.
     0 | D:1      | Reached XP level 1. HP: 13/13 MP: 3/3
   149 | D:1      | Reached skill level 1 in Stealth
   157 | D:1      | Reached XP level 2. HP: 2/18 MP: 4/4
   162 | D:1      | Slain by a jackal

Illustrated notes

Levels and vault maps discovered:
D:1:      sevenhm_arrival_forest_fort_large_2, layout_loops_ring,
          minmay_pentomino_s4

Skill      XL: |  1 |
---------------+----+-----
Stealth        | 1 |  1.1
Fighting       | |  2.4
Long Blades    | |  2.9
Armour         | |  1.5
Dodging        | |  2.7

Action                     || total
---------------------------++-------
  Melee: Falchion          ||    29
 Invoke: Berserk           ||     2
 Armour: Animal skin       ||    24
  Dodge: Dodged            ||    24
